 Dungeon Crawl Stone Soup version 0.28-a0-1429-gf3d713df7a (webtiles) character file.

Game seed: 8638139496300951171

29 enile the Skirmisher (level 3, 0/28 HPs)
             Began as a Demonspawn Wanderer on Jan 8, 2022.
             Was an Initiate of Yredelemnul.
             Succumbed to an adder's poison
             ... on level 2 of the Dungeon.
             The game lasted 00:03:40 (1714 turns).

enile the Skirmisher (Demonspawn Wanderer)          Turns: 1714, Time: 00:03:40

Health: 0/28       AC:  7    Str: 13    XL:     3   Next: 1%
Magic:  2/4        EV: 10    Int: 15    God:    Yredelemnul [......]
Gold:   3          SH:  0    Dex: 11    Spells: 1/4 levels left

rFire   . . .      SeeInvis .   g - +0 rapier
rCold   . . .      Faith    .   (no shield)
rNeg    . . .      Spirit   .   b - +0 ring mail
rPois   .          Reflect  .   (no helmet)
rElec   .          Harm     .   (no cloak)
rCorr   .          Rampage  .   (no gloves)
Will    .....                   (no boots)
Stlth   +.........              (no amulet)
HPRegen 0.09/turn               (no ring)
MPRegen 0.09/turn               (no ring)

@: lethally poisoned (0 -> -4)
A: icy blue scales 1, demonic magic 1
a: Renounce Religion, Recall Undead Harvest


You were on level 2 of the Dungeon.
You worshipped Yredelemnul.
Yredelemnul was noncommittal.
You visited 1 branch of the dungeon, and saw 2 of its levels.

You collected 3 gold pieces.

Inventory:

Hand Weapons
 a - a +0 club
 c - a +0 dagger
 g - a +0 rapier (weapon)
Missiles
 d - 51 stones (quivered)
Armour
 b - a +0 ring mail (worn)
Wands
 i - a wand of digging (4)
Scrolls
 h - a scroll of blinking {unknown}


   Skills:
 + Level 2.8 Fighting
 - Level 1.0 Throwing
 - Level 1.8 Armour
 - Level 1.0 Dodging
 - Level 1.0 Spellcasting
 - Level 2.2 Necromancy
 - Level 1.8 Translocations


You had one spell level left.
You knew the following spells:

 Your Spells              Type           Power      Damage    Failure   Level
a - Apportation           Tloc           12%        N/A       26%         1
b - Corpse Rot            Necr/Air       8%         N/A       45%         2

Your spell library contained the following spells:

 Spells                   Type           Power      Damage    Failure   Level
 Sublimation of Blood     Necr           7%         N/A       30%         2
 Teleport Other           Tloc           6%         N/A       58%         3
 Passage of Golubria      Tloc           6%         N/A       94%         4


Dungeon Overview and Level Annotations

Branches:
Dungeon (2/15)

Altars:
Yredelemnul


Innate Abilities, Weirdness & Mutations

You are partially covered in icy blue scales. (AC +2)
Spells you cast may paralyse adjacent enemies.


Message History

The adder barely misses you. The adder bites you but does no damage.
You closely miss the adder. The adder closely misses you. The adder bites you.
You are poisoned.
The adder poisons you!
Okay, then.
It was a potion of flight.
You feel very buoyant.
You fly up into the air.
You feel sick. The adder closely misses you.
It was a potion of magic.
Magic courses through your body.
You feel sick. The adder bites you but does no damage.
It was a potion of cancellation.
Your magical effects are unravelling.
You feel magically purged.
You float gracefully downwards.
You feel sick. The adder bites you.
You are more poisoned.
The adder poisons you! The adder bites you but does no damage.
Nothing appears to have answered your call.
You feel sick. The adder bites you.
* * * LOW HITPOINT WARNING * * *
You hit the adder.
The adder is severely wounded.
You feel sick. The adder bites you but does no damage.
You closely miss the adder.
The adder is severely wounded.
You feel sick. The adder bites you but does no damage. The adder bites you.
* * * LOW HITPOINT WARNING * * *
You are lethally poisoned!
The adder poisons you!
You barely miss the adder.
The adder is severely wounded.
* * * LOW HITPOINT WARNING * * *
You feel sick. The adder closely misses you. The adder barely misses you.
You miss the adder.
The adder is heavily wounded.
* * * LOW HITPOINT WARNING * * *
You feel sick. The adder completely misses you.
You closely miss the adder.
The adder is heavily wounded.
You die...
Your body rises from the dead as a mindless zombie.

#.........#
#.......##.........#
........##.........#
........##.........#
........##.........#
#>......##.....>..##
#.......##........#
#......S##........#
#......@''........+
#.......##........#
+.......##........#
##......###########
#......# +..######
###


You could see an adder.

Vanquished Creatures
  2 ball pythons (D:1)
  5 endoplasms
  3 giant cockroaches (D:1)
  3 hobgoblins
  4 kobolds (D:1)
  2 quokkas (D:1)
  A frilled lizard (D:1)
  2 goblins (D:1)
  3 rats (D:1)
25 creatures vanquished.

Vanquished Creatures (others)
  5 fungi (D:1)
  A plant (D:1)
6 creatures vanquished.

Grand Total: 31 creatures vanquished

Notes
Turn   | Place    | Note
-------+----------+-------------------------------------------
     0 | D:1      | enile the Demonspawn Wanderer began the quest for the Orb.
     0 | D:1      | enile set off with the following items: a +0 club, a +0
                  | ring mail; and the following spell memorised: Apportation;
                  | and the following spells available to memorise: Sublimation
                  | of Blood, Corpse Rot, Teleport Other, Passage of Golubria
     0 | D:1      | Reached XP level 1. HP: 15/15 MP: 2/2
   537 | D:1      | Gained mutation: Spells you cast may paralyse adjacent
                  | enemies. [demonic ancestry]
   537 | D:1      | Reached XP level 2. HP: 21/22 MP: 3/3
   712 | D:1      | Learned a level 2 spell: Corpse Rot
  1448 | D:1      | Found a faded altar of an unknown god.
  1453 | D:1      | Prayed at the altar of an unknown god.
  1453 | D:1      | Became a worshipper of Yredelemnul the Dark
  1560 | D:2      | Noticed a necrophage
  1698 | D:2      | Gained mutation: You are partially covered in icy blue
                  | scales. (AC +2) [demonic ancestry]
  1698 | D:2      | Reached XP level 3. HP: 27/28 MP: 4/4
  1713 | D:2      | HP: 1/28 [poisoned by an adder]
  1714 | D:2      | Succumbed to an adder's poison

Illustrated notes

Levels and vault maps discovered:
D:1:      wander_arrival_lonely_grave, layout_loops_ring,
          shapermc_ecumenical_altar_hornbeckon
D:2:      layout_basic

Skill      XL: |  1  2 |
---------------+-------+-----
Fighting       | 2 |  2.8
Throwing       | |  1.0
Armour         | |  1.8
Dodging        | |  1.0
Spellcasting   | |  1.0
Necromancy     | |  2.2
Translocations | |  1.8

Action                   || total
-------------------------++-------
Melee: Dagger            ||    51
       Club              ||    10
       Rapier            ||    60
       Punch             ||     3
Throw: Stone             ||     4
Invok: Recall Undead Har ||     1
  Use: Potion            ||     3
Armor: Ring mail         ||    51
Dodge: Dodged            ||    53

Table legend: (Time is in decaauts)
 A = Elapsed time spent in this place.
 B = Non-inter-level travel time spent in this place.
 C = Inter-level travel time spent in this place.
 D = Time resting spent in this place.
 E = Time spent auto-exploring this place.
 F = Levels seen in this place.
 G = Mean time per level.
                   A        B        C        D        E       F      G
               +--------+--------+--------+--------+--------+-----+--------+
         Total |   1734 |   1667 |     67 |      0 |   1419 |   2 |  867.0 |
       Dungeon |   1734 |   1667 |     67 |      0 |   1419 |   2 |  867.0 |
               +--------+--------+--------+--------+--------+-----+--------+

Top non-repeatable levels by time:
     D:1: 1611 daAuts
     D:2: 122 daAuts
